 Dungeon Crawl Stone Soup version 0.31-a0-1388-g4b2ba238e7 (webtiles) character file.

Game seed: 8868290181127188376

32158 drugrobin the Summoner (level 13, -10/107 HPs)
             Began as a Demigod Delver on Dec 24, 2023.
             Killed from afar by a hell hog (15 damage)
             ... with a fireball
             ... in a Gauntlet.
             The game lasted 01:15:01 (19635 turns).

drugrobin the Summoner (Demigod Delver)            Turns: 19635, Time: 01:15:01

Health: -10/107    AC: 17    Str: 31    XL:     13   Next: 2%
Magic:  20/24      EV:  9    Int: 16    God:
Gold:   327        SH:  0    Dex: 15    Spells: 4/22 levels left

rFire   . . .        a - +2 flail (protect)
rCold   . . .        (no shield)
rNeg    . . .        V - +3 chain mail
rPois   +            Q - +0 helmet
rElec   .            X - +0 cloak
rCorr   .            m - +2 pair of gloves
SInv    .            K - +0 pair of boots
Will    +....        u - amulet of regeneration Stlth
                     i - +6 ring of strength
HPRegen 1.17/turn    y - ring of poison resistance
MPRegen 0.19/turn

%: no teleportation
@: inugami summoned
A: high MP 1, forlorn, divine attributes
a: no special abilities


You were in a Gauntlet.
You visited 2 branches of the dungeon, and saw 15 of its levels.
You also visited: Gauntlet.

You collected 963 gold pieces.
You spent 636 gold pieces at shops.

Inventory:

Hand Weapons
 a - a +2 flail of protection (weapon)
 b - a +1 dagger of venom
 c - a +0 sling
 d - a +5 heavy flail
Missiles
 F - 41 poisoned darts (quivered)
Armour
 m - a +2 pair of gloves (worn)
 C - an orb of mayhem
 K - a +0 pair of boots (worn)
 Q - a +0 helmet (worn)
 S - a +1 robe of willpower
 V - a +3 chain mail (worn)
 X - a +0 cloak (worn)
Jewellery
 i - a +6 ring of strength (left hand)
 o - a ring of see invisible
 u - an amulet of regeneration (around neck)
 y - a ring of poison resistance (right hand)
Wands
 g - a wand of digging (3)
 j - a wand of mindburst (26)
 r - a wand of quicksilver (6)
 H - a wand of flame (37)
Scrolls
 k - 3 scrolls of immolation
 n - 4 scrolls of revelation
 p - a scroll of poison
 q - 3 scrolls of enchant weapon {unknown}
 z - 2 scrolls of vulnerability
 I - 4 scrolls of fog
 L - 5 scrolls of teleportation
 M - a scroll of blinking
 P - 3 scrolls of fear
Potions
 e - a potion of heal wounds
 f - 4 potions of haste
 h - 2 potions of invisibility
 s - a potion of magic {unknown}
 t - 5 potions of degeneration {unknown}
 v - 7 potions of curing
 w - 3 potions of might {unknown}
 x - a potion of berserk rage {unknown}
 E - 3 potions of lignification {unknown}
 G - 2 potions of enlightenment
 N - 3 potions of attraction


   Skills:
 - Level 8.0 Fighting
 - Level 12.0 Maces & Flails
 - Level 1.7 Dodging
 - Level 4.5 Stealth
 - Level 5.0 Spellcasting
 + Level 14.8 Summonings


You had 4 spell levels left.
You knew the following spells:

 Your Spells              Type           Power      Damage    Failure   Level
a - Call Imp              Summ           100%       N/A       1%          2
b - Call Canine Familiar  Summ           51%        N/A       1%          3
c - Summon Small Mammal   Summ           100%       N/A       1%          1
d - Summon Guardian Gole  Hex/Summ       27%        N/A       10%         3
e - Blink                 Tloc           8%         N/A       69%         2
f - Summon Hydra          Summ           25%        N/A       78%         7

Your spell library contained the following spells:

 Spells                   Type           Power      Damage    Failure   Level
 Foxfire                  Conj/Fire      16%        2x1d4     54%         1
 Magic Dart               Conj           16%        1d3       54%         1
 Sandblast                Erth           8%         2d5       54%         1
 Sting                    Conj/Alch      16%        1d4       54%         1
 Mercury Vapours          Alch/Air       8%         N/A       69%         2
 Passwall                 Alch/Erth      3%         N/A       69%         2
 Sublimation of Blood     Necr           4%         N/A       69%         2
 Dazzling Flash           Conj/Hex       8%         N/A       89%         3
 Stone Arrow              Conj/Erth      8%         3d7       89%         3
 Tukima's Dance           Hex            4%         N/A       89%         3
 Volatile Blastmotes      Fire/Tloc      8%         2d10      89%         3
 Animate Dead             Necr           4%         N/A       100%        4
 Brom's Barrelling Bould  Conj/Erth      4%         2d3       100%        4
 Dimensional Bullseye     Hex/Tloc       2%         N/A       100%        4
 Iskenderun's Mystic Bla  Conj/Tloc      4%         2d3       100%        4
 Olgreb's Toxic Radiance  Alch           4%         N/A       100%        4
 Plasma Beam              Fire/Air       2%         2x1d12    100%        6
 Starburst                Conj/Fire      2%         6d3       100%        6
 Haunt                    Necr/Summ      13%        N/A       100%        7
 Malign Gateway           Summ/Tloc      13%        N/A       100%        7
 Infestation              Necr           2%         N/A       100%        8
 Maxwell's Capacitive Co  Air            2%         ∞         100%        8
 Summon Horrible Things   Summ           25%        N/A       100%        8


Dungeon Overview and Level Annotations

Branches:
Dungeon (11/15)            Temple (0/1) D:4            Lair (4/5) D:10
 Shoals (0/4) Lair:2        Snake (0/4) Lair:2          Orc (0/2) D:11
Gauntlet (1/1)
  Slime: Lair:4-5

Shops:
D:4 *   D:6 !*(   D:10 *

Annotations:
D:4 2 transporters, Sonofthefire's ghost, amateur OpSh
D:7 3 runed translucent doors, MisterAzrael's ghost, novice DjFE
D:9 exclusion: two-headed ogre
D:11 exclusion: door Gauntlet 11 transporters, 21 runed translucent doors


Innate Abilities, Weirdness & Mutations

You have an increased reservoir of magic. (+10% MP)
You shall have no god before yourself.
Your divine heritage dramatically boosts your attributes as you level up.


Message History

Aim: a hell hog (moderately wounded, poisoned, catching its breath, chance to affect: 47%)
Okay, then.
Unknown command.
Unknown command.
The hell hog looks more healthy.
The hell hog attacks as it pursues you!
The hell hog bites you but does no damage.
The hell hound bites something.
Unknown command.
Unknown command.
Unknown command.
Unknown command.
The hell hound bites your inugami. The hell hog bites you!
* * * LOW HITPOINT WARNING * * *
Unknown command.
Unknown command.
Unknown command.
Unknown command.
Unknown command.
The hell hound barely misses your inugami.
The hell hog breathes fire at you.
The fireball explodes!
The fireball engulfs you!!
* * * LOW HITPOINT WARNING * * *
Your inugami hits the hell hound!
You see here the +2 pair of gloves of Kiggoran {rCorr Int+5}.
Unknown command.
Unknown command.
Unknown command.
Unknown command.
Unknown command.
Unknown command.
Unknown command.
As you read the scroll of fear, it crumbles to dust.
You assume a fearsome visage.
The fire bat looks frightened!
The hell hound looks frightened!
The fire bat looks frightened!
The hell hog looks frightened!
The hell hound looks frightened! x2
Your inugami hits the hell hog!
Your inugami's attack snaps the hell hog out of its fear.
The hell hog breathes fire at you.
The fireball explodes!
The fireball engulfs you!
You die...

............≈8§........∩..§∩###
.............≈.............≈#8#
.###########...###########..###
.#55p5.p5..#...##....h.b##..#
.#.#.#.#.#.#...#.#.....#.#..###
.#=.#.#.#..#####..#..h#..#..#8#
.#?#.#.#.#.#...#?.h#(#...#..###
.#©.#.©.#.5#©.©#©..h#©.b.#©.#
.#)#.#.#.#.#...#@.h#.#h..#..###
.#5.#.#.#..#####?.#...#..#..#8#
.#5#.#.#.#.#...#.#.....#.#..###
.#.......5.#.8.##....b..##..#
.###########...###########..###
............................#8#
...........................§###
#############################
#8# #8# #8# #8# #8# #8# #8#


You could see a hell hog (catching breath, ally target), 3 hell hounds, 2 fire
bats, a white imp (wandering), a shadow imp and a friendly inugami (summoned).

Vanquished Creatures
  A hydra (Lair:3)
  A catoblepas (Lair:1)
  A two-headed ogre (D:10)
  A boulder beetle (Lair:3)
  A skyshark (Lair:4)
  A manticore (Lair:4)
  5 elephants
  A cyclops (D:11)
  A merfolk siren (Lair:2)
  A torpor snail (Lair:1)
  A black mamba (Lair:2)
  Joseph (D:8)
  6 cane toads
  An unseen horror (D:10)
  2 rime drakes
  3 komodo dragons
  Prince Ribbit (Lair:2)
  8 blink frogs
  2 hornets
  6 dream sheep
  8 wyverns
  13 yaks
  5 basilisks (Lair:4)
  A fire bat (Gauntlet)
  A steam dragon (D:7)
  Edmund (D:6)
  2 nagas (Lair:2)
  7 water moccasins
  2 black bears
  An ice beast (D:8)
  A sky beast (D:6)
  17 wolves
  3 ogres
  3 centaurs
  A phantom (D:6)
  A kobold brigand (D:8)
  16 bullfrogs
  6 scorpions
  6 wights
  8 killer bees (D:10)
  4 howler monkeys
  3 jellies
  A hound (D:3)
  2 bombardier beetles
  A gnoll bouda (D:7)
  8 orc priests
  A sleepcap (D:6)
  Ijyb (D:3)
  7 iguanas
  6 hell rats (Lair:4)
  10 orc wizards
  10 gnolls
  3 adders
  2 ufetubi (D:5)
  A worm (D:2)
  4 dart slugs
  41 orcs
  5 endoplasms
  2 giant cockroaches
  9 goblins
  5 hobgoblins
  9 jackals
  3 quokkas
  5 ball pythons
  3 bats
  A frilled lizard (D:1)
  14 kobolds
  3 rats
312 creatures vanquished.

Vanquished Creatures (collateral kills)
  A hydra (Lair:2)
  A boulder beetle (Lair:1)
  An ugly thing (D:11)
  2 elephants (Lair:2)
  A torpor snail (Lair:1)
  A black mamba (Lair:2)
  A cane toad (Lair:3)
  2 rime drakes
  5 blink frogs
  2 dream sheep (Lair:1)
  A wyvern (Lair:2)
  2 basilisks
  4 yaks
  2 water moccasins
  An orc warrior (D:9)
  A black bear (D:10)
  3 wolves (Lair:2)
  A kobold brigand (D:9)
  An orc priest (D:10)
  4 orc wizards
  An adder (D:3)
  A gnoll (D:5)
  8 orcs
  2 kobolds (D:9)
49 creatures vanquished.

Vanquished Creatures (others)
  2 hydras (Lair:3)
  A wyvern (Lair:4)
  An orc warrior (D:10)
  A wight (D:9)
5 creatures vanquished.

Grand Total: 366 creatures vanquished

Notes
Turn   | Place    | Note
-------+----------+-------------------------------------------
     0 | D:5      | drugrobin the Demigod Delver began the quest for the Orb.
     0 | D:5      | Reached XP level 1. HP: 18/18 MP: 3/3
    99 | D:5      | Noticed an iguana
   116 | D:5      | Noticed a scorpion
   140 | D:5      | Noticed an ogre
   141 | D:5      | Noticed a jelly
   147 | D:4      | Found a transporter.
   150 | D:4      | Noticed Sonofthefire's ghost (amateur OpSh)
   157 | D:4      | Noticed an iguana
   159 | D:4      | Found Urpheruw's General Store.
   201 | D:4      | Noticed an orc wizard
   261 | D:4      | Noticed a quasit
   283 | D:5      | Reached XP level 2. HP: 25/25 MP: 4/4
   334 | D:4      | Found a transporter.
   366 | D:4      | Found a staircase to the Ecumenical Temple.
   769 | D:1      | Reached XP level 3. HP: 30/30 MP: 5/5
  1035 | D:1      | Learned a level 2 spell: Call Imp
  1658 | D:2      | Reached XP level 4. HP: 37/37 MP: 6/6
  1677 | D:2      | Reached skill level 1 in Summonings
  2122 | D:3      | Noticed Ijyb
  2124 | D:3      | Killed Ijyb
  2355 | D:3      | Reached skill level 2 in Summonings
  2355 | D:3      | Reached XP level 5. HP: 25/42 MP: 7/7
  2983 | D:4      | Reached skill level 3 in Summonings
  2986 | D:4      | Reached skill level 5 in Maces & Flails
  2986 | D:4      | Reached XP level 6. HP: 29/50 MP: 8/8
  3125 | D:4      | Bought a scroll of teleportation for 39 gold pieces
  3125 | D:4      | Bought 2 scrolls of identify for 52 gold pieces
  3125 | D:4      | Bought a scroll of blinking for 97 gold pieces
  3459 | D:5      | Reached skill level 4 in Summonings
  3491 | D:5      | Reached XP level 7. HP: 45/56 MP: 10/10
  3920 | D:5      | Reached skill level 5 in Summonings
  4507 | D:6      | Learned a level 2 spell: Mercury Vapours
  4585 | D:6      | Reached skill level 1 in Spellcasting
  4585 | D:6      | Reached XP level 8. HP: 42/62 MP: 4/12
  4708 | D:6      | Found Yhaerghiz's General Store.
  4864 | D:6      | Found Erumep's Distillery.
  4872 | D:6      | Bought a potion of attraction for 45 gold pieces
  4905 | D:6      | Found Ytuenuc's Antique Weapon Shoppe.
  4944 | D:6      | Noticed Edmund
  4978 | D:6      | Killed Edmund
  4979 | D:6      | Reached skill level 6 in Summonings
  5543 | D:6      | Bought a potion of curing for 39 gold pieces
  6324 | D:7      | Reached XP level 9. HP: 68/68 MP: 12/17
  6854 | D:7      | Reached skill level 7 in Summonings
  6882 | D:7      | Found a runed translucent gate.
  6882 | D:7      | Found a runed translucent gate.
  6882 | D:7      | Found a runed translucent gate.
  6885 | D:7      | Noticed MisterAzrael's ghost (novice DjFE)
  7225 | D:7      | Identified the +13 plate armour of Ebuexkao {*Corrode rPois
                  | rF- Int+9}
  8269 | D:8      | Noticed Joseph
  8299 | D:8      | Killed Joseph
  8433 | D:8      | Reached skill level 5 in Spellcasting
  8545 | D:8      | Reached skill level 8 in Summonings
  8610 | D:8      | Learned a level 3 spell: Call Canine Familiar
  8612 | D:8      | Learned a level 1 spell: Summon Small Mammal
  8616 | D:8      | Learned a level 3 spell: Summon Guardian Golem
  9130 | D:9      | Paralysed by a hornet for 1 turns
  9134 | D:9      | Reached XP level 10. HP: 65/77 MP: 21/21
  9158 | D:9      | Learned a level 2 spell: Blink
  9214 | D:9      | Noticed a two-headed ogre
  9920 | D:10     | Entered Level 10 of the Dungeon
 10244 | D:10     | Noticed an elephant
 10276 | D:10     | Killed an elephant
 10454 | D:10     | Found Orinawau's Gadget Gallery.
 10486 | D:10     | Reached skill level 9 in Summonings
 10546 | D:10     | Noticed a two-headed ogre
 10572 | D:10     | Killed a two-headed ogre
 10573 | D:10     | Reached skill level 5 in Fighting
 10573 | D:10     | Reached skill level 10 in Maces & Flails
 10625 | D:10     | Found a staircase to the Lair.
 11181 | D:11     | Found a staircase to the Orcish Mines.
 11287 | D:11     | Noticed a white ugly thing
 11329 | D:11     | Killed a white ugly thing
 11456 | D:11     | Noticed a cyclops
 11462 | D:11     | Killed a cyclops
 11534 | D:11     | Noticed a five-headed hydra
 11646 | Lair:1   | Entered Level 1 of the Lair of Beasts
 11665 | Lair:1   | Reached XP level 11. HP: 89/89 MP: 18/22
 11790 | Lair:1   | Noticed a boulder beetle
 11807 | Lair:1   | Killed a boulder beetle
 11935 | Lair:1   | Reached skill level 10 in Summonings
 12478 | Lair:1   | Noticed a catoblepas
 12579 | Lair:1   | Killed a catoblepas
 13642 | D:6      | Bought a potion of heal wounds for 65 gold pieces
 13800 | D:4      | Bought 2 potions of brilliance for 104 gold pieces
 13854 | D:6      | Bought a potion of enlightenment for 75 gold pieces
 13854 | D:6      | Bought a potion of mutation for 120 gold pieces
 14281 | Lair:1   | Paralysed by a hornet for 3 turns
 14654 | Lair:2   | Reached skill level 11 in Summonings
 15200 | Lair:2   | Found a staircase to the Snake Pit.
 15264 | Lair:2   | Reached XP level 12. HP: 82/101 MP: 13/23
 15292 | Lair:2   | Noticed Prince Ribbit
 15299 | Lair:2   | Killed Prince Ribbit
 15883 | Lair:2   | Reached skill level 12 in Summonings
 16744 | Lair:2   | Noticed a seven-headed hydra
 16749 | Lair:2   | HP: 4/101 [seven-headed hydra (10)]
 17257 | Lair:2   | Found a staircase to the Shoals.
 17331 | Lair:2   | Killed a seven-headed hydra
 17332 | Lair:2   | Reached skill level 13 in Summonings
 17504 | Lair:2   | Learned a level 7 spell: Summon Hydra
 17582 | Lair:3   | Noticed a boulder beetle
 17603 | Lair:3   | Killed a boulder beetle
 18052 | Lair:3   | Noticed a seven-headed hydra
 18085 | Lair:3   | Killed a seven-headed hydra
 18172 | Lair:3   | Noticed a six-headed hydra
 18194 | Lair:3   | Killed a six-headed hydra
 18836 | Lair:4   | Noticed a seven-headed hydra
 18858 | Lair:3   | Killed a seven-headed hydra
 18859 | Lair:3   | Reached skill level 14 in Summonings
 19219 | Lair:4   | Reached XP level 13. HP: 53/107 MP: 8/24
 19258 | Lair:4   | Found a gate leading to a gauntlet.
 19263 | Gauntlet | Entered a Gauntlet
 19263 | Gauntlet | Found a transporter.
 19263 | Gauntlet | Found a transporter.
 19320 | Gauntlet | Found a transporter.
 19324 | Gauntlet | Found a transporter.
 19334 | Gauntlet | Found a transporter.
 19355 | Gauntlet | Found a transporter.
 19361 | Gauntlet | Found a transporter.
 19369 | Gauntlet | Found a transporter.
 19386 | Gauntlet | Found a transporter.
 19390 | Gauntlet | Found a large runed translucent door.
 19391 | Gauntlet | Found a large runed translucent door.
 19392 | Gauntlet | Found a large runed translucent door.
 19392 | Gauntlet | Found a large runed translucent door.
 19393 | Gauntlet | Found a runed translucent gate.
 19394 | Gauntlet | Found a transporter.
 19394 | Gauntlet | Found a runed translucent gate.
 19395 | Gauntlet | Found a runed translucent gate.
 19396 | Gauntlet | Found a large runed translucent door.
 19396 | Gauntlet | Found a large runed translucent door.
 19397 | Gauntlet | Found a large runed translucent door.
 19398 | Gauntlet | Found a large runed translucent door.
 19407 | Gauntlet | Found a large runed translucent door.
 19407 | Gauntlet | Found a large runed translucent door.
 19407 | Gauntlet | Found a runed translucent door.
 19407 | Gauntlet | Found a runed translucent door.
 19408 | Gauntlet | Found a large runed translucent door.
 19409 | Gauntlet | Found a large runed translucent door.
 19411 | Gauntlet | Found a transporter.
 19440 | Gauntlet | Found a transporter.
 19451 | Gauntlet | Found a large runed translucent door.
 19452 | Gauntlet | Found a large runed translucent door.
 19453 | Gauntlet | Found a large runed translucent door.
 19453 | Gauntlet | Found a large runed translucent door.
 19634 | Gauntlet | Identified the +2 pair of gloves of Kiggoran {rCorr Int+5}
 19634 | Gauntlet | HP: 4/107 [hell hog/fireball (19)]
 19635 | Gauntlet | Killed from afar by a hell hog

Illustrated notes

Levels and vault maps discovered:
D:1:      dpeg_arrival_round_b, layout_basic, minmay_pentomino_w2
D:2:      layout_basic
D:3:      layout_rooms, minmay_overflow_temple_star_hex, uniq_ijyb
D:4:      layout_loops_ring, minmay_temple_entry_offerings, serial_shops,
          nicolae_shop_tiny_statue_garden, gammafunk_ghost_stat_death,
          amcnicky_mini_rare_corridor_liquid
D:5:      layout_basic
D:6:      layout_basic, mainiacjoe_overflow_24_doors, serial_shops,
          nicolae_inconvenience_store, shop, shop_fountains, uniq_edmund
D:7:      layout_layer_cave, amcnicky_altar_gilded, biasface_ghost_orc_armoury
D:8:      layout_gridville, uniq_joseph
D:9:      layout_roguey
D:10:     layout_basic, grunt_lair_entry_orc_guard_hut, nicolae_shop_gadgets
D:11:     layout_roguey, orc_0_dummy
Lair:1:   layout_misc_corridors, serial_rivers, chequers_serial_rivers_large_b,
          chequers_serial_rivers_small_b, chequers_serial_rivers_room_a,
          chequers_serial_rivers_room_a, basic_altar, nzn_sisyphean_effort,
          infiniplex_staircase_pool_2
Lair:2:   layout_cave_pods, elwin_shoals_entry_rooms,
          guppyfry_snake_entry_garden, st_stairs_13, minmay_stone_trees_medium,
          grunt_megastairs_5, uniq_prince_ribbit2
Lair:3:   layout_misc_corridors
Lair:4:   layout_roguey [special_room_mythical_zoo], gauntlet_entry_generic,
          st_stairs_8, nicolae_lair_time_for_slime, lemuel_fruit_tree
Gauntlet: gammafunk_gauntlet_shortcut [nicolae_gauntlet_arena_x,
          gammafunk_gauntlet_arena_grid, gammafunk_gauntlet_arena_split_x,
          minmay_gauntlet_arena_make_your_own_arena,
          gammafunk_gauntlet_arena_teeth, gammafunk_gauntlet_arena_arrow_garden,
          nicolae_gauntlet_exit_dead_adventurers]

Skill      XL: |  1  2  3  4  5  6  7  8  9 10 11 12 |
---------------+-------------------------------------+-----
Maces & Flails | 2 3 4 5 7 8 9 10 11 12 | 12.0
Summonings     | 2 3 4 5 6 8 9 11 14 | 14.8
Spellcasting   | 1 3 5 |  5.0
Fighting       | 3 6 8 |  8.0
Dodging        | |  1.7
Stealth        | |  4.5

Action                     |  1- 3 |  4- 6 |  7- 9 | 10-12 | 13-15 || total
---------------------------+-------+-------+-------+-------+-------++-------
  Melee: Mace              |   133 |    13 |       |       |       ||   146
         Punch             |     2 |       |     3 |    12 |       ||    17
         Dagger            |       |   109 |     8 |     5 |       ||   122
         Whip              |       |     7 |       |       |       ||     7
         Flail             |       |    41 |   358 |   788 |    23 ||  1210
   Fire: Sling             |     8 |     3 |       |       |       ||    11
  Throw: Dart              |       |     8 |    24 |    22 |     2 ||    56
   Cast: Call Imp          |       |     3 |    38 |    76 |     2 ||   119
         Mercury Vapours   |       |       |    30 |     2 |       ||    32
         Summon Small Mamm |       |       |     3 |   131 |       ||   134
         Call Canine Famil |       |       |     2 |    49 |     1 ||    52
         Summon Guardian G |       |       |     1 |    21 |       ||    22
         Blink             |       |       |       |     2 |       ||     2
  Evoke: Wand              |       |     9 |    10 |     3 |       ||    22
    Use: Potion            |       |       |     1 |     1 |       ||     2
         Scroll            |       |       |       |    11 |     2 ||    13
   Stab: Sleeping          |     4 |       |     3 |       |       ||     7
         Distracted        |       |       |     1 |     8 |       ||     9
 Armour: Leather armour    |    34 |       |       |       |       ||    34
         Scale mail        |    42 |   127 |    87 |       |       ||   256
         Ring mail         |       |       |   210 |    10 |       ||   220
         Chain mail        |       |       |       |   893 |    45 ||   938
         Robe              |       |       |       |     9 |       ||     9
  Dodge: Dodged            |    72 |    71 |   219 |   398 |    23 ||   783

Table legend: (Time is in decaauts)
 A = Elapsed time spent in this place.
 B = Non-inter-level travel time spent in this place.
 C = Inter-level travel time spent in this place.
 D = Time resting spent in this place.
 E = Time spent auto-exploring this place.
 F = Levels seen in this place.
 G = Mean time per level.
                   A        B        C        D        E       F      G
               +--------+--------+--------+--------+--------+-----+--------+
         Total |  19709 |  18701 |   1008 |   2521 |  11189 |  16 | 1231.8 |
       Dungeon |  12172 |  11354 |    818 |    858 |   7458 |  11 | 1106.5 |
          Lair |   7166 |   6977 |    189 |   1663 |   3562 |   4 | 1791.5 |
      Gauntlet |    369 |    369 |      0 |      0 |    169 |   1 |  369.0 |
               +--------+--------+--------+--------+--------+-----+--------+

Top non-repeatable levels by time:
  Lair:1: 2972 daAuts
  Lair:2: 2514 daAuts
     D:7: 1647 daAuts
     D:8: 1526 daAuts
     D:6: 1469 daAuts
  Lair:3: 1373 daAuts
    D:10: 1369 daAuts
     D:5: 1314 daAuts
     D:9: 1097 daAuts
     D:4: 1057 daAuts
     D:2: 877 daAuts
     D:3: 805 daAuts
     D:1: 565 daAuts
    D:11: 442 daAuts
Gauntlet: 369 daAuts
